 Dungeon Crawl Stone Soup version 0.18.1-48-g4cf74bf (webtiles) character file.

42 tyrion the Sneak (level 3, -1/22 HPs)
             Began as a Vampire Enchanter on Aug 6, 2016.
             Slain by a kobold
             ... wielding a +3 short sword
              (7 damage)
             ... on level 2 of the Dungeon.
             The game lasted 00:02:49 (1601 turns).

tyrion the Sneak (Vampire Enchanter)                Turns: 1601, Time: 00:02:50

Health: -1/22      AC:  2    Str:  7    XL:     3   Next: 35%
Magic:  0/6        EV: 13    Int: 18    God:
Gold:   32         SH:  0    Dex: 14    Spells: 3 memorised, 0 levels left

rFire  . . .     SeeInvis +     a - +1 dagger
rCold  . . .     Gourm    .     b - +1 robe
rNeg   + . .     Faith    .     (no shield)
rPois  +         Spirit   .     (no helmet)
rElec  .         Dismiss  .     (no cloak)
rCorr  .         Reflect  .     (no gloves)
SustAt .         Harm     .     (no boots)
MR     .....                    (no amulet)
Stlth  +++.......               (no ring)
                                (no ring)

@: lethally poisoned (-1 -> -6), flying, not resistant to hostile enchantments,
fairly stealthy
A: fangs 3, see invisible, deformed body, frail 1, poison resistance,
unbreathing
a: Bat Form


You were on level 2 of the Dungeon.
You were not thirsty.

You visited 1 branch of the dungeon, and saw 2 of its levels.

You collected 32 gold pieces.

Inventory:

Hand Weapons
 a - a +1 dagger (weapon)
Armour
 b - a +1 robe (worn)
Scrolls
 e - 2 scrolls of enchant weapon {unknown}
 g - a scroll of amnesia {unknown}
 h - a scroll of blinking {unknown}
 k - a scroll of fog {unknown}
Potions
 d - a potion of blood
Books
 c - a book of Maledictions

   Spells                             Type                      Level
   a - Corona                         Hexes                        1
   b - Ensorcelled Hibernation        Hexes/Ice                    2
   c - Confuse                        Hexes                        3
   d - Tukima's Dance                 Hexes                        3
   e - Dazzling Spray                 Conjuration/Hexes            3


   Skills:
 + Level 0.3 Fighting
 * Level 2.1 Short Blades
 + Level 2.5 Dodging
 * Level 5.0 Stealth
 + Level 2.3 Spellcasting
 - Level 4.7 Hexes


You couldn't memorise any spells.
You knew the following spells:

 Your Spells              Type           Power        Failure   Level  Hunger
a - Corona                Hex            ###....      2%          1    #......
b - Ensorcelled Hibernat  Hex/Ice        ##....       12%         2    ##.....
c - Confuse               Hex            ###.....     10%         3    ###....


Dungeon Overview and Level Annotations

Branches:
Dungeon (2/15)

Altars:


Innate Abilities, Weirdness & Mutations

You have razor-sharp teeth.
You have supernaturally acute eyesight.
You can survive without breathing.
Armour fits poorly on your strangely shaped body.
You are frail (-10% HP).
Your system is resistant to poisons.


Message History

You miscast Ensorcelled Hibernation.
You are very lightly contaminated with residual magic.
Nothing appears to happen.
You feel sick.
The kobold hits you with an enchanted short sword.
Drink which item? (? for menu, Esc to quit)
It was a potion of cancellation.
Your magical contamination has completely faded away.
You feel magically purged. The kobold hits you but does no damage.
Drink which item? (? for menu, Esc to quit)
It was a potion of mutation.
You feel extremely strange.
You feel frail.
Your body twists and deforms.
You feel resistant to poisons.
You feel sick. The kobold misses you.
Autopickup is now off.
You swing at nothing.
The kobold hits you but does no damage.
Drink which item? (? for menu, Esc to quit)
It was a potion of flight.
You feel very buoyant.
You fly up into the air.
You feel sick.
The kobold hits you with an enchanted short sword!
You die...

## #### ...#...## ........##
........<# .......).# #####
. .......<.### ##...##.
.......(...##########.......
.......###.@Kr..............
..#..## #####............>.
. ##. #.............. #
######.#....... #........#
............ ###.........
###....... .......#


You could see a kobold and a rat.

Vanquished Creatures
  2 adders
  A worm (D:1)
  2 giant geckos (D:1)
  3 giant cockroaches (D:1)
  3 goblins
  A hobgoblin (D:2)
  3 bats
  A giant newt (D:1)
  2 kobolds (D:1)
  2 rats (D:1)
20 creatures vanquished.

Notes
Turn   | Place    | Note
--------------------------------------------------------------
     0 | D:1      | tyrion the Vampire Enchanter began the quest for the Orb.
     0 | D:1      | Reached XP level 1. HP: 13/13 MP: 3/3
   602 | D:1      | Reached XP level 2. HP: 15/20 MP: 5/5
   612 | D:1      | Learned a level 2 spell: Ensorcelled Hibernation
  1184 | D:1      | Reached skill level 5 in Stealth
  1518 | D:1      | Reached XP level 3. HP: 22/25 MP: 6/6
  1523 | D:1      | Learned a level 3 spell: Confuse
  1599 | D:2      | Gained mutation: You are frail (-10% HP). [potion of mutation]
  1599 | D:2      | Gained mutation: Armour fits poorly on your strangely shaped body. [potion of mutation]
  1599 | D:2      | Gained mutation: Your system is resistant to poisons. [potion of mutation]
  1601 | D:2      | Slain by a kobold

Skill      XL: |  1  2  3 |
---------------+----------+-----
Stealth        | 5 |  5.0
Short Blades   | 2 |  2.1
Fighting       | |  0.3
Dodging        | |  2.5
Spellcasting   | |  2.3
Hexes          | |  4.7

Action                   || total
-------------------------++-------
Melee: Dagger            ||    69
       Bite              ||     6
 Cast: Ensorcelled Hiber ||     7
  Use: Potion            ||     3
 Stab: Sleeping          ||     7
       Distracted        ||     1
  Eat: Corpse            ||     5
Armor: Robe              ||    16
Dodge: Dodged            ||    47
